 Dungeon Crawl Stone Soup version 0.21-a0-321-g91e3373 (webtiles) character file.

109 vishdafish the Grave Robber (level 5, 0/38 HPs)
             Began as a Formicid Necromancer on Sept 30, 2017.
             Slain by Purgy (2 damage)
             ... in a sewer.
             The game lasted 00:08:22 (2790 turns).

vishdafish the Grave Robber (Formicid Necromancer)  Turns: 2790, Time: 00:08:23

Health: 0/38       AC:  4    Str: 13    XL:     5   Next: 13%
Magic:  8/8        EV: 12    Int: 15    God:
Gold:   192        SH:  0    Dex: 11    Spells: 7/8 levels left

rFire    + . .     SeeInvis +   g - +0 hand axe
rCold    . . .     Gourm    .   (no shield)
rNeg     . . .     Faith    .   i - +0 leather armour (curse)
rPois    .         Spirit   .   (helmet unavailable)
rElec    .         Reflect  .   (no cloak)
rCorr    .         Harm     .   n - +0 pair of gloves
MR       .....                  (no boots)
Stlth    +.........             (no amulet)
HPRegen  0.12/turn              e - ring of protection from fire
MPRegen  0.11/turn              s - ring of loudness (curse)

@: flying (expiring)
A: permanent stasis, dig shafts and tunnels, four strong arms, antennae 3
a: Dig, Shaft Self


You were in a sewer.
You were not hungry.

You visited 1 branch of the dungeon, and saw 3 of its levels.
You also visited: Sewer.

You collected 192 gold pieces.

Inventory:

Hand Weapons
 d - a +0 spear
 g - a +0 hand axe (weapon)
Missiles
 l - 6 tomahawks (quivered)
Armour
 a - a +0 robe
 i - a cursed +0 leather armour (worn)
 n - a +0 pair of gloves (worn)
Jewellery
 e - a ring of protection from fire (left hand)
 s - a cursed ring of loudness (right hand)
Scrolls
 k - a scroll of recharging
 m - 2 scrolls of teleportation
 o - a scroll of amnesia
Potions
 q - a potion of curing {unknown}
 t - a potion of berserk rage {unknown}
Books
 b - a book of Necromancy

   Spells                             Type                      Level
   a - Pain                           Necromancy                   1
   b - Animate Skeleton               Necromancy                   1
   c - Vampiric Draining              Necromancy                   3
   d - Regeneration                   Charms/Necromancy            3
   e - Animate Dead                   Necromancy                   4
   f - Control Undead                 Necromancy                   4
Comestibles
 c - 2 bread rations
 r - a meat ration


   Skills:
 + Level 1.8 Fighting
 * Level 2.5 Axes
 - Level 2.1 Dodging
 - Level 2.4 Stealth
 - Level 2.1 Spellcasting
 + Level 4.7 Necromancy


You had 7 spell levels left.
You knew the following spells:

 Your Spells              Type           Power        Failure   Level  Hunger
a - Pain                  Necr           ###.         4%          1    #......


Dungeon Overview and Level Annotations

Branches:
Dungeon (3/15)

Altars:
The Shining One

Annotations:
Sewer Purgy


Innate Abilities, Weirdness & Mutations

You cannot be hasted, slowed, berserked, paralysed or teleported.
You can dig through walls and to a lower floor.
Your four strong arms can wield two-handed weapons with a shield.
You have a pair of large antennae on your head. (SInv)


Message History

Confirm with . or Enter, or press ? or * to list all spells.
Aiming: Pain
Press: ? - help, Shift-Dir - straight line, f - Purgy
Aim: Purgy (chance to defeat MR: 80%) Purgy writhes in agony!
You are starting to lose your buoyancy.
Casting: Pain
Confirm with . or Enter, or press ? or * to list all spells.
Okay, then.
Okay, then.
Okay, then.
Okay, then.
As you read the scroll labeled MISHROVUQIKAA, it crumbles to dust.
Your stasis prevents you from teleporting.
It was a scroll of blinking.
It was a potion of magic.
Magic courses through your body.
As you read the scroll labeled YTIDEW GYEL, it crumbles to dust.
The creatures around you are filled with an inner flame!
It was a scroll of immolation.
Purgy bites you.
You die...

..... .(. ... ...
####### #.#
##.....## #.#
##...≈...## #.#
##..†≈≈≈...#######.#
#.∩.≈≈≈≈≈...@T.....#
##...≈≈≈...#######.#
##.†.≈...## #.#
##.....## #.#
####### #.# #.# #.#
#.#


You could see Purgy (inner flame).

Vanquished Creatures
  A gnoll (D:1)
  5 adders
  An ooze (D:2)
  A worm (D:2)
  3 leopard geckos
  2 giant cockroaches
  6 hobgoblins
  A quokka (D:2)
  10 bats
  3 frilled lizards
  2 goblins (D:2)
  7 kobolds
  3 rats
45 creatures vanquished.

Notes
Turn   | Place    | Note
-------+----------+-------------------------------------------
     0 | D:1      | vishdafish the Formicid Necromancer began the quest for the Orb.
     0 | D:1      | Reached XP level 1. HP: 13/13 MP: 3/3
   123 | D:1      | Reached XP level 2. HP: 15/19 MP: 0/5
   658 | D:1      | Reached XP level 3. HP: 21/25 MP: 6/6
   974 | D:2      | Reached skill level 1 in Axes
  1263 | D:2      | Found a glowing golden altar of the Shining One.
  1299 | D:2      | Reached skill level 1 in Fighting
  1299 | D:2      | Reached XP level 4. HP: 7/32 MP: 4/7
  2320 | D:3      | Reached XP level 5. HP: 28/37 MP: 1/8
  2637 | D:3      | Found a glowing drain.
  2647 | Sewer    | Entered a sewer
  2720 | Sewer    | Noticed Purgy
  2790 | Sewer    | Slain by Purgy

Vault maps used:
D:1:      evilmike_arrival_rings, hex_medium, minmay_door_square
D:2:      lemuel_round_altar, minmay_bisected
D:3:      cheibrodos_sewer_entry_bend
Sewer:    sewer_big_baddie

Skill      XL: |  1  2  3  4 |
---------------+-------------+-----
Dodging        | 2 |  2.1
Axes           | 1 2 |  2.5
Fighting       | 1 |  1.8
Stealth        | |  2.4
Spellcasting   | |  2.1
Necromancy     | |  4.7

Action                   |  1- 3 |  4- 6 || total
-------------------------+-------+-------++-------
Melee: Hand axe          |    66 |    94 ||   160
       Spear             |     7 |       ||     7
Throw: Tomahawk          |       |     5 ||     5
 Cast: Pain              |    18 |    45 ||    63
  Use: Scroll            |       |     7 ||     7
       Potion            |       |     4 ||     4
 Stab: Sleeping          |     2 |       ||     2
  Eat: Chunk             |     1 |     4 ||     5
       Bread ration      |       |     1 ||     1
Armor: Robe              |     1 |       ||     1
       Leather armour    |    26 |    52 ||    78
       Skin              |       |    87 ||    87
Dodge: Dodged            |    55 |    97 ||   152

Table legend:
 A = Spawn XP
 B = Non-spawn XP
 C = Spawn XP percentage of total XP
 D = Spawn monster count
 E = Non-spawn monster count
 F = Spawn count percentage of total count
 G = Total turns spent on level
                    A         B        C        D         E        F      G
               +---------+---------+-------+---------+---------+-------+---------
         Total |       0 |     156 |   0.0 |       0 |      45 |   0.0 |  2790
               +---------+---------+-------+---------+---------+-------+---------
           D:1 |       0 |      29 |   0.0 |       0 |      10 |   0.0 |   935
           D:2 |       0 |      93 |   0.0 |       0 |      22 |   0.0 |  1340
           D:3 |       0 |      27 |   0.0 |       0 |       8 |   0.0 |   372
         Sewer |       0 |       7 |   0.0 |       0 |       5 |   0.0 |   143
               +---------+---------+-------+---------+---------+-------+---------
